 Dungeon Sprint DCSS version 0.20-a0-641-g673355a (webtiles) character file.

165 Kidiri the Thaumaturge (level 5, -11/32 HPs)
             Began as a Deep Elf Fire Elementalist on Feb 13, 2017.
             Was an Initiate of Vehumet.
             Killed from afar by a deep elf mage (37 damage)
             ... with a bolt of cold
             ... in the Dungeon (Sprint III: "The Ten Rune Challenge").
             The game lasted 00:02:48 (526 turns).

Kidiri the Thaumaturge (Deep Elf Fire Elementalist)  Turns: 526, Time: 00:02:49

Health: -11/32     AC:  2    Str:  5    XL:     5   Next: 22%
Magic:  13/17      EV: 15    Int: 21    God:    Vehumet [......]
Gold:   59         SH:  0    Dex: 15    Spells: 2/20 levels left

rFire    . . .     SeeInvis .   d - +0 dagger
rCold    . . .     Gourm    .   a - +0 robe
rNeg     . . .     Faith    .   (no shield)
rPois    .         Spirit   .   (no helmet)
rElec    .         Reflect  .   (no cloak)
rCorr    .         Harm     .   (no gloves)
MR       .....     Clarity  +   (no boots) Stlth ++........NoTele +
                                (no amulet)
Regen    0.1/turn               (no ring)
MPRegen  0.2/turn               (no ring)

@: no status effects
A: clarity, mutation resistance 1
a: Renounce Religion


You were in the Dungeon.
You worshipped Vehumet.
Vehumet was noncommittal.
You were not hungry.

You visited 1 branch You collected 59 gold pieces.

Inventory:

Hand Weapons
 d - a +0 dagger (weapon)
Armour
 a - a +0 robe (worn)
Scrolls
 e - a scroll of holy word {unknown}
 i - a scroll of blinking
 l - 3 scrolls of remove curse
 n - a scroll of torment {unknown}
Potions
 f - a potion of haste
 g - 2 potions of magic
 h - a potion of berserk rage
 m - a potion of flight
 p - a potion of invisibility
 q - a potion of curing
Books
 b - a book of Flames

   Spells                             Type                      Level
   a - Flame Tongue                   Conjuration/Fire             1
   b - Throw Flame                    Conjuration/Fire             2
   c - Conjure Flame                  Conjuration/Fire             3
   d - Inner Flame                    Hexes/Fire                   3
   e - Sticky Flame                   Conjuration/Fire             4
   f - Fireball                       Conjuration/Fire             5
 j - a book of Minor Magic

   Spells                             Type                      Level
   a - Magic Dart                     Conjuration                  1
   b - Blink                          Translocation                2
   c - Call Imp                       Summoning                    2
   d - Slow                           Hexes                        2
   e - Conjure Flame                  Conjuration/Fire             3
   f - Mephitic Cloud                 Conjuration/Poison/Air       3
Comestibles
 c - 2 bread rations
 k - 3 chunks of flesh
 o - 2 fruits


   Skills:
 + Level 3.0 Fighting
 + Level 0.0 Short Blades
 + Level 2.9 Armour
 + Level 5.2 Dodging
 - Level 2.4 Stealth
 * Level 8.2 Spellcasting
 + Level 4.3 Conjurations
 + Level 5.5 Fire Magic


You had 2 spell levels left.
You knew the following spells:

 Your Spells              Type           Power        Failure   Level  Hunger
a - Flame Tongue          Conj/Fire      ####.        1%          1    None
b - Throw Flame           Conj/Fire      ####..       1%          2    None
c - Conjure Flame         Conj/Fire      ####....     3%          3    None
d - Inner Flame           Hex/Fire       ###.....     10%         3    None
e - Sticky Flame          Conj/Fire      ####....     14%         4    ###....
f - Fireball              Conj/Fire      ####......   34%         5    #####..


Dungeon Overview and Level Annotations

Branches:
Dungeon (1/1)

Altars:
Elyvilon
Kikubaaqudgha
Sif Muna
Vehumet
Zin
The Shining One


Innate Abilities, Weirdness & Mutations

You possess an exceptional clarity of mind.
You are somewhat resistant to further mutation.


Message History

A deep elf mage comes into view.
It is wielding a long sword of holy wrath.
Found a potion of heal wounds.
Found two altars.
There is an open door here.
The helpless deep elf mage fails to defend itself.
You puncture the deep elf mage!
The deep elf mage is lightly wounded.
The deep elf mage hits you with a long sword of holy wrath.
Casting: Flame Tongue
Confirm with . or Enter, or press ? or * to list all spells.
Aiming: Sticky Flame
Press: ? - help, Shift-Dir - straight line, f - deep elf mage
Aim: a deep elf mage, wielding a long sword of holy wrath (lightly wounded)
The sticky flame hits the deep elf mage.
The deep elf mage is heavily wounded.
The deep elf mage is covered in liquid flames!
The deep elf mage burns!
The deep elf mage gestures at you while chanting.
The bolt of cold hits you!
Ouch! That really hurt!
You die...

▓▓▓▓▓ ▓▓▓ #...####
##.#####
#......#####..#___#
#.......#..#..#e@.#
##.##.[.#..#..###'#+###+#
##.###..##+#..#..........
###.##..###...'.⌠........
#..##..####...#...######+
...##..###....#.⌠.#
..##...##.....#...#
.##....#÷.....#+###
###..##.#.....#[).#


You could see a deep elf mage (burning).

Vanquished Creatures
  A water elemental (D)
  A wizard (D)
  Jessica (D)
  A human (D)
  A kobold demonologist (D)
  2 oozes (D)
  A phantom (D)
  A rat (D)
9 creatures vanquished.

Vanquished Creatures (others)
  2 draconian scorchers (D)
  A yaktaur (D)
  6 hellions (D)
9 creatures vanquished.

Grand Total: 18 creatures vanquished

Notes
Turn   | Place    | Note
-------+----------+-------------------------------------------
     0 | D        | Kidiri the Deep Elf Fire Elementalist began the quest for the Orb.
     0 | D        | Reached XP level 1. HP: 10/10 MP: 6/6
    61 | D        | Reached skill level 4 in Spellcasting
    61 | D        | Reached XP level 2. HP: 15/16 MP: 5/9
    62 | D        | Killed a yaktaur
    98 | D        | Learned a level 2 spell: Throw Flame
   105 | D        | Noticed Jessica
   106 | D        | Killed a hellion
   107 | D        | Killed Jessica
   107 | D        | Reached skill level 1 in Fighting
   107 | D        | Reached skill level 1 in Armour
   107 | D        | Reached skill level 5 in Spellcasting
   107 | D        | Reached XP level 3. HP: 20/20 MP: 6/12
   112 | D        | Learned a level 3 spell: Conjure Flame
   116 | D        | Learned a level 3 spell: Inner Flame
   127 | D        | Killed a hellion
   130 | D        | Killed a hellion
   131 | D        | Killed a hellion
   131 | D        | Killed a hellion
   131 | D        | Killed a hellion
   176 | D        | HP: 1/20 [human (5)]
   180 | D        | Reached skill level 6 in Spellcasting
   222 | D        | Killed a white draconian scorcher
   240 | D        | Killed a white draconian scorcher
   330 | D        | Gained mutation: You are partially covered in yellow scales. (AC +2) [potion of mutation]
   330 | D        | Gained mutation: You are agile. (Dex +2) [potion of mutation]
   330 | D        | Gained mutation: You are resistant to hostile enchantments. (MR+) [potion of mutation]
   331 | D        | Lost mutation: You are partially covered in yellow scales. (AC +2) [potion of mutation]
   331 | D        | Lost mutation: You are resistant to hostile enchantments. (MR+) [potion of mutation]
   331 | D        | Lost mutation: You are agile. (Dex +2) [potion of mutation]
   331 | D        | Gained mutation: Scrolls take you a little longer to read. [potion of mutation]
   331 | D        | Gained mutation: You have large cloven feet. [potion of mutation]
   331 | D        | Gained mutation: You are robust. (+10% HP) [potion of mutation]
   331 | D        | Gained mutation: You have a pair of small antennae on your head. [potion of mutation]
   332 | D        | Lost mutation: Scrolls take you a little longer to read. [potion of mutation]
   332 | D        | Lost mutation: You are robust. (+10% HP) [potion of mutation]
   332 | D        | Lost mutation: You have large cloven feet. [potion of mutation]
   332 | D        | Lost mutation: You have a pair of small antennae on your head. [potion of mutation]
   332 | D        | Gained mutation: You are agile. (Dex +2) [potion of mutation]
   332 | D        | Gained mutation: Scrolls take you a little longer to read. [potion of mutation]
   332 | D        | Gained mutation: You are partially covered in iridescent scales. (AC +2) [potion of mutation]
   333 | D        | Lost mutation: You are partially covered in iridescent scales. (AC +2) [potion of mutation]
   333 | D        | Lost mutation: Scrolls take you a little longer to read. [potion of mutation]
   333 | D        | Lost mutation: You are agile. (Dex +2) [potion of mutation]
   333 | D        | Gained mutation: You possess an exceptional clarity of mind. [potion of mutation]
   333 | D        | Gained mutation: You are somewhat resistant to further mutation. [potion of mutation]
   346 | D        | Noticed a water elemental
   350 | D        | Killed a water elemental
   350 | D        | Reached skill level 7 in Spellcasting
   350 | D        | Reached skill level 5 in Fire Magic
   350 | D        | Reached XP level 4. HP: 27/27 MP: 6/15
   356 | D        | Learned a level 4 spell: Sticky Flame
   446 | D        | Found a radiant altar of Vehumet.
   447 | D        | Found a deep blue altar of Sif Muna.
   447 | D        | Found an ancient bone altar of Kikubaaqudgha.
   447 | D        | Noticed a wizard
   449 | D        | Killed a wizard
   449 | D        | Reached skill level 5 in Dodging
   449 | D        | Reached XP level 5. HP: 32/32 MP: 7/17
   450 | D        | Noticed a red devil
   450 | D        | Reached skill level 8 in Spellcasting
   466 | D        | Learned a level 5 spell: Fireball
   469 | D        | Became a worshipper of Vehumet
   522 | D        | Found a glowing silver altar of Zin.
   523 | D        | Found a glowing golden altar of the Shining One.
   523 | D        | Found a white marble altar of Elyvilon.
   523 | D        | Noticed a deep elf mage
   526 | D        | Killed from afar by a deep elf mage

Vault maps used:
D:        dungeon_sprint_mu

Skill      XL: |  1  2  3  4  5 |
---------------+----------------+-----
Dodging        | 3 4 5 |  5.2
Spellcasting   | 4 5 7 8 |  8.2
Fighting       | 1 2 3 |  3.0
Armour         | 1 2 |  2.9
Conjurations   | 2 3 4 |  4.3
Fire Magic     | 4 5 |  5.5
Stealth        | |  2.4

Action                   |  1- 3 |  4- 6 || total
-------------------------+-------+-------++-------
Melee: Dagger            |       |     1 ||     1
 Cast: Flame Tongue      |    24 |     1 ||    25
       Throw Flame       |     3 |       ||     3
       Conjure Flame     |     1 |       ||     1
       Sticky Flame      |       |     3 ||     3
  Use: Potion            |     6 |       ||     6
       Scroll            |     2 |       ||     2
 Stab: Sleeping          |       |     1 ||     1
Armor: Robe              |       |     1 ||     1
Dodge: Dodged            |     6 |       ||     6
